 Dungeon Crawl Stone Soup version 0.26-b1-32-g5d43845318 (webtiles) character file.

Game seed: 7749162119251862203

726771 Arthanis the Archmage (level 27, -2/156 (160) HPs)
             Began as a Deep Elf Fire Elementalist on Jan 12, 2021.
             Was the Champion of Vehumet.
             Killed from afar by bennu (17 damage)
             ... with an ignited by themself
             ... on level 24 of a ziggurat on Jan 13, 2021.
             The game lasted 03:27:36 (54854 turns).

Arthanis the Archmage (Deep Elf Fire Elementalist) Turns: 54854, Time: 03:27:36

HP:   -2/156 (160)  AC: 12    Str:  8 (9)  XL:     27
MP:   9/74          EV: 20    Int: 38      God:    Vehumet [******]
Gold: 4147          SH:  5    Dex: 13 (16) Spells: 5/80 levels left

rFire    + + .     SeeInvis .   K - +5 scimitar "Aqeusuru" {vamp, MP+9 Str+4}
rCold    . . .     Faith    .   u - +0 buckler of the Lair of Beasts {rElec Regen+ rCorr Int+4}
rNeg     + . .     Spirit   .   I - +2 robe {Archmagi}
rPois    +         Reflect  .   N - +2 hood of the Assassin {Detection Stab+ Stlth++}
rElec    +         Harm     .   T - scarf {rC+ rF+}
rCorr    +         Rampage  .   V - +2 pair of gloves {Dex+3}
Will     +....                  X - +2 pair of boots
Stlth    ++++++....             l - amulet of magic regeneration
HPRegen  0.76/turn              W - ring of magical power
MPRegen  0.69/turn              v - ring "Selaen" {Fire rPois rN+}

@: weak-willed, tornado, very slightly contaminated, slowed, lightly drained,
very slow
A: clumsy 1, strong-willed 1
}: 3/15 runes: decaying, serpentine, silver
a: Renounce Religion


You were on level 24 of a ziggurat.
You worshipped Vehumet.
Vehumet was exalted by your worship.
You visited 9 branches of the dungeon, and saw 45 of its levels.
You visited 1 ziggurat, and saw 24 of its levels.
You also visited: Ossuary, Gauntlet and Wizlab.

You collected 9260 gold pieces.
You spent 5113 gold pieces at shops.

Inventory:

Hand Weapons
 K - the +5 scimitar "Aqeusuru" (weapon) {vamp, MP+9 Str+4}
   (You took it off a deep elf mage on level 3 of the Elven Halls)

   It inflicts no extra harm, but heals its wielder when it wounds a living foe.
   It affects your strength (+4).
   It affects your magic capacity (+9).
Armour
 i - a +2 cloak of poison resistance
 k - a +1 hat of see invisible
 u - the +0 buckler of the Lair of Beasts (worn) {rElec Regen+ rCorr Int+4}
   (You acquired it on level 13 of a ziggurat)

   It affects your intelligence (+4).
   It insulates you from electricity.
   It increases your rate of regeneration.
   It provides partial protection from all sources of acid and corrosion.
 I - a +2 robe of the Archmagi (worn)
 N - the +2 hood of the Assassin (worn) {Detection Stab+ Stlth++}
   (You found it on level 17 of a ziggurat)

   It makes you much more stealthy.
 R - the +2 cloak "Urabedih" {rC+ MP-9 Str+7 Stlth+, unknown}
   (You found it on level 23 of a ziggurat)

   It affects your strength (+7).
   It protects you from cold.
   It affects your magic capacity (-9).
   It makes you more stealthy.
 T - a scarf of resistance (worn)
 V - a +2 pair of gloves of dexterity (worn)
 X - a +2 pair of boots (worn)
Magical Staves
 O - an uncursed staff of fire
Jewellery
 c - the ring of Agezooha {+Inv Int+3 Stlth+}
   (You found it on level 6 of the Lair of Beasts)

   [ring of stealth]

   It affects your intelligence (+3).
   It lets you turn invisible.
   It makes you more stealthy.
 l - an amulet of magic regeneration (around neck)
 r - the ring of Cyeclum {Ice Str+3}
   (You found it on level 23 of a ziggurat)

   [ring of ice]

   It enhances your ice magic.
   It affects your strength (+3).
   It makes you vulnerable to fire.
   It protects you from cold.
 s - the amulet of Bihomole {RegenMP +Fly rElec rC-}
   (You found it on level 8 of a ziggurat)

   [amulet of magic regeneration]

   It increases your magic regeneration.
   It makes you vulnerable to cold.
   It insulates you from electricity.
   It lets you fly.
 v - the ring "Selaen" (right hand) {Fire rPois rN+}
   (You took it off a deep elf mage on level 3 of the Elven Halls)

   [ring of fire]

   It enhances your fire magic.
   It protects you from fire.
   It makes you vulnerable to cold.
   It protects you from poison.
   It protects you from negative energy.
 L - an uncursed ring of wizardry
 P - the ring of Honepor {rElec Will- Dex+3 SInv Stlth+}
   (You took it off a deep elf knight on level 3 of the Elven Halls)

   [ring of see invisible]

   It affects your dexterity (+3).
   It insulates you from electricity.
   It affects your willpower, your defense against some magical effects.
   It lets you see invisible.
   It makes you more stealthy.
 S - the ring "Ovvostap" {Ice +Fly rElec Str+3 Stlth-}
   (You bought it in a shop on level 3 of the Depths)

   [ring of ice]

   It enhances your ice magic.
   It affects your strength (+3).
   It makes you vulnerable to fire.
   It protects you from cold.
   It insulates you from electricity.
   It lets you fly.
   It makes you less stealthy.
 W - a ring of magical power (left hand)
 Z - an uncursed ring of magical power
Wands
 h - a wand of iceblast (65)
 j - a wand of digging (19)
 p - a wand of disintegration (33)
 U - a wand of acid (45)
Scrolls
 a - 9 scrolls of blinking
 b - 11 scrolls of immolation
 e - a scroll of summoning
 f - 24 scrolls of teleportation
 n - 2 scrolls of silence
 o - 24 scrolls of remove curse
 t - 14 scrolls of fear
 w - 8 scrolls of magic mapping
 x - 6 scrolls of holy word
 y - 16 scrolls of fog
Potions
 d - 22 potions of curing
 g - 6 potions of haste
 m - 4 potions of resistance
 q - 11 potions of heal wounds
 z - 5 potions of brilliance
 A - 14 potions of mutation
 B - 8 potions of berserk rage
 E - 9 potions of might
 F - 7 potions of lignification
 G - 5 potions of invisibility
 H - 9 potions of cancellation
 J - 6 potions of flight
 M - 7 potions of ambrosia
Miscellaneous
 C - a box of beasts
 Y - a lightning rod (4/4)


   Skills:
 - Level 13.0 Fighting
 - Level 4.0 Armour
 - Level 13.0 Dodging
 - Level 10.0 Stealth
 - Level 6.0 Shields
 O Level 27 Spellcasting
 - Level 21.0 Conjurations
 * Level 14.0 Necromancy
 - Level 25.0 Fire Magic
 - Level 5.5 Ice Magic
 - Level 20.5 Air Magic
 - Level 20.0 Earth Magic
 - Level 15.0 Evocations


You had 5 spell levels left.
You knew the following spells:

 Your Spells              Type           Power        Failure   Level
a - Foxfire               Conj/Fire      100%         0%          1
b - Absolute Zero         Ice            48%          100%        9
c - Shatter               Erth           70%          2%          9
d - Death's Door          Necr           63%          75%         9
e - Tornado               Air            71%          2%          9
f - Orb of Destruction    Conj           71%          1%          7
h - Blink                 Tloc           N/A          1%          2
i - Sublimation of Blood  Necr           63%          0%          2
j - Ignition              Fire           89%          1%          8
k - Airstrike             Air            71%          0%          4
m - Starburst             Conj/Fire      87%          0%          6
n - Fire Storm            Conj/Fire      87%          1%          9

Your spell library contained the following spells:

 Spells                   Type           Power        Failure   Level
 Lehudib's Crystal Spear  Conj/Erth      71%          1%          8
 Animate Skeleton         Necr           100%         0%          1
 Magic Dart               Conj           100%         0%          1
 Pain                     Necr           100%         0%          1
 Sandblast                Erth           100%         0%          1
 Shock                    Conj/Air       100%         0%          1
 Corpse Rot               Necr/Air       N/A          0%          2
 Passwall                 Tmut/Erth      94%          0%          2
 Poisonous Vapours        Pois/Air       100%         0%          2
 Searing Ray              Conj           100%         0%          2
 Swiftness                Air            100%         0%          2
 Conjure Flame            Conj/Fire      100%         0%          3
 Dazzling Flash           Conj/Hex       100%         0%          3
 Inner Flame              Hex/Fire       100%         0%          3
 Mephitic Cloud           Conj/Pois/Air  100%         0%          3
 Static Discharge         Conj/Air       100%         0%          3
 Stone Arrow              Conj/Erth      100%         0%          3
 Vampiric Draining        Necr           63%          0%          3
 Animate Dead             Necr           63%          0%          4
 Hailstorm                Conj/Ice       100%         0%          4
 Sticky Flame             Conj/Fire      100%         0%          4
 Bolt of Magma            Conj/Fire/Erth 85%          0%          5
 Borgnjor's Vile Clutch   Necr/Erth      67%          0%          5
 Fireball                 Conj/Fire      87%          0%          5
 Iskenderun's Battlesphe  Conj           100%         0%          5
 Lee's Rapid Deconstruct  Erth           70%          0%          5
 Lightning Bolt           Conj/Air       71%          0%          5
 Apportation              Tloc           100%         1%          1
 Beastly Appendage        Tmut           100%         1%          1
 Corona                   Hex            74%          1%          1
 Freeze                   Ice            100%         1%          1
 Sting                    Tmut/Pois      100%         1%          1
 Summon Small Mammal      Summ           100%         1%          1
 Call Imp                 Summ           67%          1%          2
 Ensorcelled Hibernation  Hex/Ice        100%         1%          2
 Slow                     Hex            67%          1%          2
 Wereblood                Tmut           67%          1%          2
 Confusing Touch          Hex            67%          1%          3
 Frozen Ramparts          Ice            100%         1%          3
 Gell's Gravitas          Tloc           33%          1%          3
 Ignite Poison            Fire/Tmut/Pois 100%         1%          3
 Lesser Beckoning         Tloc           33%          1%          3
 Ozocubu's Armour         Ice            96%          1%          3
 Portal Projectile        Hex/Tloc       100%         1%          3
 Spider Form              Tmut/Pois      33%          1%          3
 Summon Guardian Golem    Hex/Summ       67%          1%          3
 Teleport Other           Tloc           67%          1%          3
 Tukima's Dance           Hex            67%          1%          3
 Fulminant Prism          Conj/Hex       57%          1%          4
 Ice Form                 Ice/Tmut       83%          1%          4
 Iskenderun's Mystic Bla  Conj/Tloc      100%         1%          4
 Leda's Liquefaction      Hex/Erth       56%          1%          4
 Olgreb's Toxic Radiance  Pois           67%          1%          4
 Petrify                  Tmut/Erth      100%         1%          4
 Summon Ice Beast         Ice/Summ       83%          1%          4
 Summon Lightning Spire   Summ/Air       100%         1%          4
 Agony                    Necr           100%         1%          5
 Irradiate                Conj/Tmut      57%          1%          5
 Silence                  Hex/Air        57%          1%          5
 Yara's Violent Unravell  Hex/Tmut       33%          2%          5
 Cause Fear               Hex            33%          3%          4
 Passage of Golubria      Tloc           N/A          3%          4
 Metabolic Englaciation   Hex/Ice        41%          3%          5
 Alistair's Intoxication  Tmut/Pois      44%          10%         5
 Blade Hands              Tmut           33%          10%         5
 Summon Demon             Summ           33%          10%         5
 Summon Forest            Summ/Tloc      33%          10%         5
 Conjure Ball Lightning   Conj/Air       71%          0%          6
 Iron Shot                Conj/Erth      71%          0%          6
 Death Channel            Necr           63%          1%          6
 Freezing Cloud           Conj/Ice/Air   65%          1%          6
 Ozocubu's Refrigeration  Ice            48%          1%          6
 Simulacrum               Ice/Necr       56%          1%          6
 Statue Form              Tmut/Erth      75%          1%          6
 Spellforged Servitor     Conj/Summ      57%          1%          7
 Chain Lightning          Conj/Air       71%          1%          8
 Borgnjor's Revivificati  Necr           63%          8%          8
 Infestation              Necr           63%          8%          8
 Eringya's Noxious Bog    Tmut/Pois      33%          14%         6
 Haunt                    Necr/Summ      51%          17%         7
 Dispersal                Tloc           33%          47%         6
 Hydra Form               Tmut           33%          47%         6
 Invisibility             Hex            67%          47%         6
 Shadow Creatures         Summ           N/A          47%         6
 Necromutation            Tmut/Necr      51%          78%         8
 Dragon Form              Tmut           33%          96%         7
 Malign Gateway           Summ/Tloc      33%          96%         7
 Monstrous Menagerie      Summ           33%          96%         7
 Summon Greater Demon     Summ           33%          96%         7
 Summon Hydra             Summ           33%          96%         7
 Discord                  Hex            33%          100%        8
 Disjunction              Tloc           33%          100%        8
 Summon Horrible Things   Summ           33%          100%        8


Dungeon Overview and Level Annotations

Branches:
Dungeon (15/15)            Temple (1/1) D:5            Lair (6/6) D:8
  Swamp (4/4) Lair:2        Snake (4/4) Lair:3        Slime (0/5) Lair:5
    Orc (2/2) D:9             Elf (3/3) Orc:2        Vaults (5/5) D:14
  Crypt (0/3) Vaults:2     Depths (5/5) D:15            Zot (0/5) Depths:5
Ossuary (visited)          WizLab (visited)         Gauntlet (visited)

Altars:
Ashenzari
Cheibriados
Gozag
Kikubaaqudgha
Makhleb
Nemelex Xobeh
Okawaru
Qazlal
Ru
Sif Muna
Trog
Uskayaw
Vehumet
Xom
Yredelemnul
Zin
The Shining One
Beogh

Shops:
D:8 *   Orc:2 *}:   Vaults:2 **??   Depths:1 =}=   Depths:3 =*}

Portals:
Hell: Depths:1 Depths:2 Depths:3 Depths:4
Abyss: Depths:4
Pandemonium: Depths:3
Trove: Elf:1 (give 13 potions of heal wounds)

Annotations:
Elf:2 3 runed translucent doors


Innate Abilities, Weirdness & Mutations

You are clumsy. (Dex -2)
You are strong-willed. (Will+)


Message History

Casting: Ignition (mildly dangerous; 1% risk of failure)
Confirm with . or Enter, or press ? or * to list all spells.
Really make a tornado near your fire vortex?
A great vortex of raging winds appears around you.
You feel less wooden.
Your scarf of resistance unmelds from your body.
The +2 hood of the Assassin {Detection Stab+ Stlth++} unmelds from your body.
Your +2 pair of gloves of dexterity unmelds from your body.
Your +2 pair of boots unmelds from your body.
Your +2 robe of the Archmagi unmelds from your body.
You feel resistant to extremes of temperature.
You feel agile.
You feel powerful.
You destroy the phantasmal warrior!
Vehumet accepts your kill.
You feel your power returning.
The bennu renews itself in a burst of flame!
The bennu blazes out!
The pyre of ghostly fire engulfs you! You partially resist.
You feel drained.
You die...

....... .......▓▓
.....#.#.........▓▓
.....###..§.......▓
........°8.....○§§▓▓
..............§§§§§▓
........M.....§§b§§▓
..........†...§§@§§▓
........○.....§§§§§▓▓
...........M..vZ§§§.▓
...........§.......▓▓
............§......▓
............§......▓
...................▓
..................▓▓
.....###..........▓


You could see a royal mummy, a bennu, an ushabti (catching breath), a juggernaut
zombie (summoned) and a friendly fire vortex.

Vanquished Creatures
  3 ancient liches
  2 pandemonium lords
  10 royal mummies (Zig:24)
  Vashnia (Snake:3)
  Margery (Vaults:4)
  5 Killer Klowns (Zig:12)
  A shard shrike (Zig:6)
  Saint Roka (Orc:2)
  Xtahua (Vaults:5)
  8 golden dragons
  A caustic shrike (Zig:10)
  Nikola (Snake:4)
  2 bone dragons (Depths:5)
  the Enchantress (Depths:4)
  Rupert (D:14)
  9 tentacled monstrosities
  An Ice Fiend (Zig:6)
  4 liches
  3 Hell Sentinels (Zig:10)
  A quicksilver dragon (shapeshifter) (Zig:12)
  4 deep elf blademasters
  Asterion (Snake:4)
  3 titans (Vaults:5)
  11 acid blobs
  A moon troll (WizLab)
  7 deep elf master archers
  5 quicksilver dragons
  An Executioner (Zig:4)
  5 tentacled starspawn
  2 thorn hunters
  6 shadow dragons
  Donald (Orc:1)
  A revenant (Zig:5)
  6 draconian monks
  5 tengu reavers (Vaults:5)
  38 nagarajas
  10 fire giants
  8 azure jellies (Zig:19)
  8 frost giants
  Roxanne (Snake:4)
  3 storm dragons (Vaults:5)
  A fenstrider witch (Swamp:4)
  16 vault wardens
  4 draconian knights
  A corrupter (Zig:4)
  12 deep elf sorcerers
  4 draconian stormcallers
  3 iron dragons
  7 ghost moths
  8 emperor scorpions
  A cacodemon (WizLab)
  Aizul (Snake:4)
  An orc warlord (Orc:2)
  Louise (Swamp:2)
  3 draconian scorchers
  2 balrugs
  2 draconian shifters
  4 spriggan defenders
  2 reapers
  A stone giant (shapeshifter) (Zig:12)
  18 ironheart preservers
  30 very ugly things
  30 stone giants
  10 draconian annihilators
  3 blood saints (Zig:17)
  5 deep elf elementalists
  A caustic shrike skeleton (Zig:11)
  5 war gargoyles
  13 deep elf demonologists
  5 bennus (Zig:24)
  A juggernaut skeleton (Zig:9)
  A vampire knight (Vaults:2)
  4 black draconians
  2 red draconians (Zig:18)
  7 green draconians
  5 dire elephants (Lair:6)
  5 bunyips
  Nessos (Orc:2)
  3 purple draconians
  A white draconian (Zig:18)
  16 deep elf annihilators
  5 yellow draconians
  A bunyip (shapeshifter) (Vaults:5)
  9 entropy weavers
  12 spark wasps
  An eidolon (Zig:5)
  4 eleionomae
  A crystal guardian (Zig:10)
  10 ettins
  5 merfolk impalers
  2 blizzard demons
  Snorg (D:14)
  7 deep elf death magi
  5 merfolk javelineers
  7 deep elf high priests
  2 shambling mangroves
  8 fire dragons
  4 ice dragons
  13 great orbs of eyes
  5 boulder beetles
  3 death oozes
  Josephine (Swamp:1)
  8 mummy priests (Zig:24)
  Erolcha (Orc:2)
  22 hydras
  2 caustic shrike simulacra
  20 yaktaur captains
  6 ghost crabs
  4 rakshasas
  42 vault guards
  3 spriggan air magi
  7 centaur warriors
  28 naga warriors
  11 anacondas
  2 merfolk avatars (Zig:16)
  2 hell beasts (D:10)
  A catoblepas (Lair:2)
  6 death knights
  A satyr (shapeshifter) (Vaults:5)
  An alligator snapping turtle (shapeshifter) (Zig:12)
  An alligator snapping turtle (Zig:23)
  A satyr (Zig:16)
  20 dancing weapons
  3 death scarabs (Zig:24)
  6 tengu warriors
  14 alligators
  3 vampire magi
  12 ogre magi
  7 deep troll earth magi
  2 hell hogs
  12 merfolk aquamancers
  24 two-headed ogres
  8 deep troll shamans
  2 death yaks (Lair:6)
  2 titan zombies
  Urug (Orc:2)
  15 shock serpents
  A soul eater (Zig:5)
  5 orc high priests
  6 spriggan berserkers
  21 deep elf knights
  24 naga sharpshooters
  2 wretched stars (Zig:14)
  10 skeletal warriors
  A titan skeleton (Zig:24)
  Sonja (Orc:2)
  13 hell knights
  2 iron trolls (Depths:1)
  2 iron golems (Zig:10)
  A shadow wraith (Vaults:5)
  A spark wasp zombie (Zig:11)
  A fire crab (shapeshifter) (Depths:4)
  5 salamander mystics
  A spatial maelstrom (Zig:14)
  6 flayed ghosts
  An orange crystal statue (WizLab)
  9 glowing orange brains
  An unseen horror (D:11)
  5 goliath frogs
  5 spriggan druids
  2 sea snakes
  38 deep trolls
  5 wizards
  4 bog bodies
  18 naga ritualists
  11 ironbrand convokers
  3 lindwurms (Swamp:4)
  12 swamp dragons
  6 phantasmal warriors
  13 orc knights
  2 starcursed masses (WizLab)
  49 deep elf magi
  A shadow dragon zombie (Zig:11)
  2 tengu zombies
  14 mana vipers
  5 necromancers
  13 deep elf archers
  A wolf spider zombie (D:15)
  10 orb spiders
  2 orb spiders (shapeshifter)
  15 wolf spiders
  A cyclops (shapeshifter) (Zig:12)
  6 manticores
  A frost giant zombie (Zig:11)
  12 orc sorcerers
  4 shining eyes
  4 will-o-the-wisps
  A shadow dragon skeleton (Zig:9)
  10 cyclopes
  4 fauns (Zig:16)
  52 ugly things
  15 salamanders
  4 moths of wrath
  12 elephants
  3 merfolk sirens
  3 apocalypse crabs (Zig:12)
  A spriggan zombie (Zig:11)
  13 guardian serpents
  A rust devil (Depths:3)
  A sphinx skeleton (Zig:11)
  A fire giant skeleton (D:15)
  13 vault sentinels
  49 black mambas
  A molten gargoyle (Depths:3)
  39 naga magi
  2 water nymphs (Zig:16)
  7 eyes of devastation
  6 torpor snails
  An ice statue (Gauntlet)
  Maurice (D:9)
  5 orange demons
  A smoke demon (Zig:14)
  Psyche (D:11)
  3 gargoyles
  6 komodo dragons
  41 yaktaurs
  7 rime drakes
  8 cane toads
  4 hellions
  An efreet (Zig:14)
  A tormentor (Zig:9)
  3 demonic crawlers (Zig:20)
  2 ice devils
  9 freezing wraiths
  14 guardian mummies
  A komodo dragon (shapeshifter) (Zig:12)
  5 ancient zymes (Zig:14)
  3 tengu conjurers
  9 trolls
  2 polar bears
  2 jumping spiders (shapeshifter)
  A red devil (Depths:2)
  6 jumping spiders
  6 tyrant leeches
  2 bloated husks
  Grinder (D:6)
  16 hornets
  9 merfolk
  5 wind drakes (Zig:16)
  7 dream sheep
  A raiju (Zig:14)
  2 ice dragon zombies (D:15)
  22 blink frogs
  32 slime creatures
  7 tarantellas
  10 redbacks
  Sigmund (D:6)
  An ettin skeleton (Zig:9)
  11 flying skulls
  4 vampires
  2 deep troll skeletons
  A shadow (D:11)
  11 spriggans
  12 water elementals
  7 air elementals
  6 wyverns
  67 yaks
  4 ushabtiu
  A ynoxinul (Zig:14)
  2 humans (D:7)
  20 wraiths
  2 spriggan skeletons (Zig:9)
  5 fire elementals
  Menkaure (D:4)
  A golden eye (shapeshifter) (Vaults:3)
  2 basilisks (D:13)
  4 golden eyes
  16 vampire mosquitoes
  A steam dragon (Lair:4)
  4 fire bats (Zig:17)
  2 neqoxecs (Zig:14)
  3 chaos spawn
  11 swamp worms
  16 wargs
  An acid dragon (Vaults:2)
  14 water moccasins
  9 large abominations (Zig:14)
  59 nagas
  A floating eye (Zig:18)
  3 hell hounds
  5 swamp drakes
  3 sky beasts
  An ice beast (shapeshifter) (Vaults:1)
  65 orc warriors
  A sky beast (shapeshifter) (Elf:3)
  A hornet zombie (D:15)
  6 ice beasts
  2 phantoms
  13 eyes of draining
  A necrophage (D:9)
  2 black bears (D:9)
  14 centaurs
  52 ogres
  26 wolves
  6 big kobolds
  An elf zombie (D:7)
  28 bullfrogs
  A wyvern zombie (D:13)
  3 earth elementals
  3 elf skeletons (D:7)
  2 wyvern skeletons
  2 scorpions
  A water moccasin skeleton (D:7)
  9 killer bees
  9 wights
  11 howler monkeys
  2 electric eels
  A crimson imp (Depths:2)
  6 centaur zombies
  A human zombie (D:7)
  A quasit (Depths:2)
  8 hounds
  9 jellies
  32 orc wizards
  A bullfrog skeleton (D:11)
  42 orc priests
  A centaur skeleton (D:10)
  3 human skeletons (D:7)
  6 iguanas
  Terence (D:3)
  4 lightning spires (Zig:19)
  7 worker ants
  2 small abominations (Zig:14)
  A hound zombie (D:9)
  22 mummies
  Robin (D:4)
  7 gnolls
  A howler monkey skeleton (D:6)
  10 adders
  3 shadow imps
  3 white imps
  An ooze (D:1)
  2 adder zombies (D:6)
  An adder skeleton (D:3)
  3 dart slugs
  7 leopard geckos
  166 orcs
  5 bats
  A gnoll zombie (Ossuary)
  17 goblins
  10 hobgoblins
  8 jackals
  7 quokkas
  3 ball pythons
  6 frilled lizards
  A hobgoblin zombie (Ossuary)
  44 kobolds
  4 kobold zombies (Ossuary)
  2 orc skeletons (D:7)
  3 orc zombies
  A quokka skeleton (D:5)
  A quokka zombie (D:6)
  6 rats
  3 ball lightnings (Zig:12)
  6 briar patches (Swamp:1)
  A bush (Lair:2)
  12 fire vortices
  A starspawn tentacle (Zig:14)
2773 creatures vanquished.

Vanquished Creatures (collateral kills)
  Mennas (Vaults:4)
  2 royal mummies (Zig:24)
  A quicksilver dragon (Zig:15)
  2 acid blobs (Zig:19)
  3 nagarajas
  A purple draconian (Zig:18)
  A minotaur (Gauntlet)
  A deep elf high priest (Zig:22)
  A merfolk aquamancer (Zig:17)
  A death scarab (Zig:24)
  A sea snake (Zig:16)
  A manticore (Zig:16)
  An ancient zyme (Zig:14)
  A water elemental (Zig:16)
  4 mummies (Zig:24)
  10 foxfires
32 creatures vanquished.

Vanquished Creatures (others)
  A black mamba (Zig:15)
  A vampire (D:14)
  7 ball lightnings
  8 demonic plants
  217 fire vortices
  2745 foxfires
  24 fungi
  69 plants
  3 starspawn tentacles
  21 withered plants
3096 creatures vanquished.

Grand Total: 5901 creatures vanquished

Notes
Turn   | Place    | Note
-------+----------+-------------------------------------------
     0 | D:1      | Arthanis the Deep Elf Fire Elementalist began the quest for
                  | the Orb.
     0 | D:1      | Reached XP level 1. HP: 10/10 MP: 6/6
   241 | D:1      | Reached XP level 2. HP: 15/15 MP: 5/8
  1302 | D:2      | Found a stormy altar of Qazlal.
  1333 | D:2      | Reached XP level 3. HP: 19/19 MP: 5/10
  2010 | D:2      | Learned a level 3 spell: Conjure Flame
  2553 | D:3      | Reached XP level 4. HP: 24/24 MP: 3/11
  2558 | D:3      | Learned a level 4 spell: Sticky Flame
  2764 | D:3      | Reached skill level 4 in Spellcasting
  2819 | D:3      | Reached skill level 5 in Fire Magic
  2852 | D:3      | Noticed Terence
  2871 | D:3      | Killed Terence
  2872 | D:3      | Reached XP level 5. HP: 15/28 MP: 7/13
  3488 | D:4      | Found a hide-covered altar of Uskayaw.
  3551 | D:4      | Noticed an ogre
  3557 | D:4      | Killed an ogre
  3565 | D:4      | Learned a level 5 spell: Fireball
  3588 | D:4      | Reached XP level 6. HP: 32/32 MP: 11/15
  3652 | D:4      | Reached skill level 5 in Spellcasting
  3678 | D:4      | Noticed Menkaure
  3682 | D:4      | Killed Menkaure
  3729 | D:4      | Reached XP level 7. HP: 36/36 MP: 10/17
  3768 | D:4      | Noticed Robin
  3773 | D:4      | Killed Robin
  4080 | D:5      | Entered Level 5 of the Dungeon
  4123 | D:5      | Reached skill level 6 in Spellcasting
  4168 | D:5      | Found a staircase to the Ecumenical Temple.
  4188 | Temple   | Entered the Ecumenical Temple
  4217 | Temple   | Became a worshipper of Vehumet
  4579 | D:5      | Found a broken altar of Ashenzari.
  4637 | D:5      | Reached skill level 5 in Conjurations
  4637 | D:5      | Reached XP level 8. HP: 41/41 MP: 15/20
  4760 | D:5      | Reached skill level 7 in Spellcasting
  5114 | D:6      | Noticed Grinder
  5146 | D:6      | Found a shimmering altar of Xom.
  5168 | D:6      | Killed Grinder
  5171 | D:6      | Killed Sigmund
  5276 | D:6      | Reached skill level 8 in Spellcasting
  5290 | D:6      | Reached * piety under Vehumet
  5290 | D:6      | Offered knowledge of Freeze by Vehumet.
  5505 | D:6      | Found a glowing golden altar of the Shining One.
  5505 | D:6      | Found a glowing silver altar of Zin.
  5748 | D:7      | Reached XP level 9. HP: 45/45 MP: 15/23
  5828 | D:7      | Found a sand-covered staircase.
  5899 | Ossuary  | Entered an ossuary
  5973 | Ossuary  | Reached ** piety under Vehumet
  5973 | Ossuary  | Offered knowledge of Searing Ray by Vehumet.
  5987 | Ossuary  | Reached skill level 10 in Fire Magic
  6559 | D:7      | Offered knowledge of Mephitic Cloud by Vehumet.
  6567 | D:7      | Learned a level 3 spell: Mephitic Cloud
  6589 | D:7      | Reached skill level 9 in Spellcasting
  6618 | D:7      | Found an opulent altar of Gozag.
  6757 | D:7      | Reached *** piety under Vehumet
  6903 | D:7      | Found an iron altar of Okawaru.
  7376 | D:8      | Found a burning altar of Makhleb.
  7376 | D:8      | Found a snail-covered altar of Cheibriados.
  7427 | D:8      | Offered knowledge of Hailstorm by Vehumet.
  7491 | D:8      | Reached XP level 10. HP: 45/50 MP: 21/25
  7550 | D:8      | Found a staircase to the Lair.
  8136 | D:8      | Found Hifio's General Store.
  8139 | D:8      | Bought a potion of curing for 48 gold pieces
  8139 | D:8      | Bought a scroll of random uselessness for 16 gold pieces
  8139 | D:8      | Bought a cursed staff of fire for 400 gold pieces
  8377 | D:9      | Noticed a gargoyle
  8460 | D:9      | Reached skill level 1 in Fighting
  8466 | D:9      | Reached skill level 10 in Spellcasting
  8476 | D:9      | Reached **** piety under Vehumet
  8586 | D:9      | Killed a gargoyle
  8602 | D:9      | Offered knowledge of Static Discharge by Vehumet.
  8658 | D:9      | Reached skill level 5 in Dodging
  8734 | D:9      | Found a staircase to the Orcish Mines.
  8808 | D:9      | Found a bloodstained altar of Trog.
  8966 | D:9      | Noticed Maurice
  8969 | D:9      | Killed Maurice
  9047 | D:9      | Got a dazzling flail
  9048 | D:9      | Identified the +11 flail "Loire" {venom, rElec Str+4} (You
                  | found it on level 9 of the Dungeon)
  9241 | D:9      | Found a bloodstained altar of Trog.
  9301 | D:10     | Entered Level 10 of the Dungeon
  9685 | D:10     | Noticed an orange demon
  9685 | D:10     | Noticed a hell beast
  9730 | D:10     | Noticed an orange demon
  9730 | D:10     | Found an ancient bone altar of Kikubaaqudgha.
  9731 | D:10     | Noticed a hell beast
  9735 | D:10     | Killed an orange demon
  9788 | D:10     | Killed an orange demon
  9828 | D:10     | Killed a hell beast
  9828 | D:10     | Killed a hell beast
  9829 | D:10     | Reached XP level 11. HP: 57/57 MP: 22/27
 10261 | D:11     | Reached skill level 11 in Spellcasting
 10458 | D:11     | Reached skill level 1 in Evocations
 10495 | D:11     | Reached ***** piety under Vehumet
 10510 | D:11     | Offered knowledge of Eringya's Noxious Bog by Vehumet.
 10788 | D:11     | Noticed Psyche
 10806 | D:11     | Killed Psyche
 10960 | D:11     | Noticed an unseen horror
 10962 | D:11     | Killed an unseen horror
 11195 | D:11     | Noticed an orc knight
 11223 | D:11     | Noticed an orc sorcerer
 11226 | D:11     | Killed an orc sorcerer
 11243 | D:11     | Reached skill level 1 in Shields
 11345 | D:11     | Killed an orc knight
 11354 | D:11     | Reached skill level 10 in Conjurations
 12166 | D:11     | Noticed a two-headed ogre
 12177 | D:11     | Killed a two-headed ogre
 12338 | D:12     | Noticed a white ugly thing
 12339 | D:12     | Noticed a boulder beetle
 12706 | D:12     | Reached XP level 12. HP: 62/62 MP: 23/29
 12750 | D:12     | Offered knowledge of Spellforged Servitor by Vehumet.
 13267 | D:13     | Reached skill level 12 in Spellcasting
 13581 | D:13     | Reached skill level 5 in Evocations
 13784 | D:13     | Noticed a centaur warrior
 13788 | D:13     | Killed a centaur warrior
 14005 | D:13     | Noticed a four-headed hydra
 14012 | D:13     | Killed a four-headed hydra
 14908 | D:14     | Noticed a centaur warrior
 14911 | D:14     | Killed a centaur warrior
 14917 | D:13     | Offered knowledge of Conjure Ball Lightning by Vehumet.
 14931 | D:13     | Learned a level 6 spell: Conjure Ball Lightning
 15273 | Orc:1    | Entered Level 1 of the Orcish Mines
 15364 | Orc:1    | Reached XP level 13. HP: 66/66 MP: 20/31
 15421 | Orc:1    | Reached skill level 13 in Spellcasting
 15547 | Orc:1    | Found a roughly hewn altar of Beogh.
 15694 | Orc:2    | Entered Level 2 of the Orcish Mines
 15694 | Orc:2    | Noticed Sonja
 15714 | Orc:2    | Identified the +1 kite shield of the Snake Pit {rC+}
 15714 | Orc:2    | Noticed Donald
 16006 | Orc:1    | Killed Donald
 16006 | Orc:1    | Offered knowledge of Ozocubu's Refrigeration by Vehumet.
 16007 | Orc:1    | Reached skill level 15 in Fire Magic
 16142 | Orc:2    | Killed Sonja
 16331 | Orc:2    | Noticed Urug
 16334 | Orc:2    | Killed Urug
 16597 | Orc:2    | Noticed Nessos
 16952 | Orc:2    | Killed Nessos
 17211 | Orc:2    | Found a roughly hewn altar of Beogh.
 17213 | Orc:2    | Found Ziciac's Book Emporium.
 17310 | Orc:2    | Noticed an ettin
 17315 | Orc:2    | Killed an ettin
 17370 | Orc:2    | Found Makaenuq's Gadget Shoppe.
 17375 | Orc:2    | Bought a wand of iceblast (7) for 154 gold pieces
 17972 | Orc:2    | Offered knowledge of Lightning Bolt by Vehumet.
 17972 | Orc:2    | Noticed an orc warlord
 17975 | Orc:2    | Noticed Erolcha
 17992 | Orc:2    | Killed an orc warlord
 17993 | Orc:2    | Killed Erolcha
 18358 | Orc:2    | Learned a level 5 spell: Lightning Bolt
 18372 | Orc:2    | Found a roughly hewn altar of Beogh.
 18383 | Orc:2    | Reached skill level 14 in Spellcasting
 18497 | Orc:2    | Found Suil's General Store.
 18589 | Orc:2    | Found Uwigh's Assorted Antiques.
 18611 | Orc:2    | Bought an amethyst potion for 27 gold pieces
 18611 | Orc:2    | Bought 2 potions of heal wounds for 300 gold pieces
 18611 | Orc:2    | Bought a scroll labelled IFEIMAIRAE for 30 gold pieces
 18611 | Orc:2    | Bought a bubbling clear potion for 27 gold pieces
 18611 | Orc:2    | Bought a scroll of identify for 60 gold pieces
 18611 | Orc:2    | Bought a wand of iceblast (11) for 120 gold pieces
 18688 | Orc:2    | Noticed Saint Roka
 18704 | Orc:2    | Killed Saint Roka
 18705 | Orc:2    | Reached XP level 14. HP: 49/75 MP: 4/34
 18968 | Orc:2    | Found a staircase to the Elven Halls.
 19033 | Orc:2    | Gained mutation: Scrolls take you a little longer to read.
                  | [a neqoxec]
 19396 | Orc:2    | Bought a book of Minor Magic for 240 gold pieces
 19399 | Orc:2    | Learned a level 2 spell: Blink
 19401 | Orc:2    | Learned a level 1 spell: Magic Dart
 19725 | D:14     | Noticed Snorg
 19870 | Lair:1   | Entered Level 1 of the Lair of Beasts
 20433 | Lair:1   | Reached ****** piety under Vehumet
 20918 | Lair:2   | Offered knowledge of Irradiate by Vehumet.
 21460 | Lair:2   | Found a staircase to the Swamp.
 22623 | Lair:3   | Reached skill level 15 in Spellcasting
 22648 | Lair:3   | Found a staircase to the Snake Pit.
 23345 | Lair:3   | Found a stormy altar of Qazlal.
 23692 | Lair:4   | Offered knowledge of Ignition by Vehumet.
 23857 | Lair:4   | Learned a level 8 spell: Ignition
 24604 | Lair:5   | Found a staircase to the Slime Pits.
 24649 | Lair:5   | Reached XP level 15. HP: 80/80 MP: 28/36
 25097 | Lair:5   | Reached skill level 1 in Armour
 25736 | Lair:6   | Entered Level 6 of the Lair of Beasts
 25891 | Lair:6   | Found a gate leading to a gauntlet.
 25903 | Gauntlet | Entered a Gauntlet
 25903 | Gauntlet | Found a transporter.
 25903 | Gauntlet | Found a transporter.
 25956 | Gauntlet | Found a transporter.
 25956 | Gauntlet | Found a transporter.
 26032 | Gauntlet | Found a transporter.
 26032 | Gauntlet | Found a transporter.
 26053 | Gauntlet | Found a transporter.
 26299 | Gauntlet | Got a warped robe
 26302 | Gauntlet | Got a faintly glowing robe
 27359 | Lair:6   | Got a warped marble ring
 27755 | D:13     | Identified the ring of Agezooha {+Inv Int+3 Stlth+} (You
                  | found it on level 6 of the Lair of Beasts)
 27786 | D:14     | Offered knowledge of Lehudib's Crystal Spear by Vehumet.
 27786 | D:14     | Offered knowledge of Tornado by Vehumet.
 27786 | D:14     | Offered knowledge of Absolute Zero by Vehumet.
 27786 | D:14     | Killed Snorg
 27952 | D:14     | Noticed Rupert
 27962 | D:14     | Killed Rupert
 27963 | D:14     | Reached skill level 16 in Spellcasting
 27968 | D:14     | Reached skill level 10 in Dodging
 28151 | D:14     | Identified the +1 robe of Tonnypig {rPois Int-5 SInv} (You
                  | found it in a Gauntlet)
 28156 | D:14     | Reached skill level 1 in Air Magic
 28185 | D:14     | Found a gate to the Vaults.
 28417 | D:14     | Found a roughly hewn altar of Beogh.
 28631 | D:14     | Reached XP level 16. HP: 84/84 MP: 31/38
 28633 | D:14     | Identified the +2 robe "Zyshrir" {rPois Int+4} (You found
                  | it in a Gauntlet)
 28669 | D:14     | You fall into a shaft and drop 1 floor!
 28669 | D:15     | Entered Level 15 of the Dungeon
 28686 | D:15     | Reached skill level 10 in Evocations
 28800 | D:14     | Found a glowing silver altar of Zin.
 29145 | D:15     | Found a snail-covered altar of Cheibriados.
 29968 | D:15     | Found a staircase to the Depths.
 30598 | Elf:1    | Entered Level 1 of the Elven Halls
 30700 | Elf:1    | Found a portal to a secret trove of treasure.
 30712 | Elf:1    | Reached skill level 5 in Air Magic
 30810 | Orc:2    | Bought a book of Air for 420 gold pieces
 30815 | Orc:2    | Learned a level 4 spell: Airstrike
 31180 | Elf:1    | Identified Sif Muna's Incunabulum of the Escort
 31482 | Elf:1    | Identified a scroll of acquirement
 31492 | Elf:1    | Acquired 1239 gold pieces
 32526 | Elf:2    | Found a runed translucent gate.
 32526 | Elf:2    | Found a runed translucent gate.
 32526 | Elf:2    | Found a runed translucent gate.
 32740 | Elf:3    | Entered Level 3 of the Elven Halls
 32756 | Elf:3    | Reached skill level 17 in Spellcasting
 32892 | Elf:3    | Reached XP level 17. HP: 88/88 MP: 38/40
 33120 | Elf:3    | Identified the +5 scimitar "Aqeusuru" {vamp, MP+9 Str+4}
 33120 | Elf:3    | Identified the ring "Selaen" {Fire rPois rN+}
 33123 | Elf:3    | Noticed a deep elf blademaster
 33129 | Elf:3    | Killed a deep elf blademaster
 33129 | Elf:3    | Noticed a deep elf blademaster
 33140 | Elf:3    | Killed a deep elf blademaster
 33437 | Elf:3    | Identified the ring of Mistrust {+Fly rPois Int+4}
 33438 | Elf:3    | Identified the +4 short sword of the Absolute Madman
                  | {speed, rN++ Int-3 Dex+3 Stlth+}
 33444 | Elf:3    | Identified the +1 robe of Gluttony {rC+}
 33514 | Elf:3    | Noticed a deep elf master archer
 33516 | Elf:3    | Killed a deep elf master archer
 33528 | Elf:3    | Identified the cursed +3 hand axe of Overwhelming Force
                  | {drain, rF+ Str+5}
 33528 | Elf:3    | Identified the +5 acid dragon scales "Bideh" {+Fly rCorr}
 33528 | Elf:3    | Identified the ring of Honepor {rElec Will- Dex+3 SInv
                  | Stlth+}
 33612 | Elf:3    | Noticed a deep elf master archer
 33615 | Elf:3    | Killed a deep elf master archer
 34000 | Elf:3    | Learned a level 4 spell: Iskenderun's Mystic Blast
 34219 | Swamp:1  | Entered Level 1 of the Swamp
 34223 | Swamp:1  | Reached skill level 15 in Conjurations
 34328 | Swamp:1  | Noticed Josephine
 34330 | Swamp:1  | Killed Josephine
 34406 | Swamp:1  | Reached skill level 18 in Spellcasting
 34502 | Swamp:1  | Reached XP level 18. HP: 78/94 MP: 34/42
 34942 | Swamp:1  | Acquired 1035 gold pieces
 34950 | Swamp:1  | Acquired Vehumet's Collected Works on Battle Magic
 34965 | Swamp:1  | Learned a level 6 spell: Starburst
 34977 | Swamp:1  | Learned a level 7 spell: Orb of Destruction
 35145 | Swamp:2  | Noticed Louise
 35149 | Swamp:2  | Killed Louise
 36068 | Swamp:4  | Entered Level 4 of the Swamp
 36559 | Swamp:4  | Got a decaying rune of Zot
 36708 | Snake:1  | Entered Level 1 of the Snake Pit
 37406 | Snake:3  | Noticed Vashnia
 37416 | Snake:3  | Reached skill level 19 in Spellcasting
 37422 | Snake:3  | Reached XP level 19. HP: 72/98 MP: 12/44
 37989 | Snake:3  | Killed Vashnia
 38538 | Snake:4  | Entered Level 4 of the Snake Pit
 38676 | Snake:4  | Noticed Nikola
 38679 | Snake:4  | Killed Nikola
 38886 | Snake:4  | Identified Roxanne's Tome of the Mountains
 38886 | Snake:4  | Noticed Roxanne
 38959 | Snake:4  | Killed Roxanne
 38959 | Snake:4  | Noticed Asterion
 39221 | Snake:4  | Killed Asterion
 39349 | Snake:4  | Noticed Aizul
 39563 | Snake:4  | Killed Aizul
 40090 | Snake:4  | Reached skill level 10 in Air Magic
 40097 | Snake:4  | Reached skill level 20 in Spellcasting
 40128 | Snake:4  | Got a serpentine rune of Zot
 40205 | Snake:4  | Learned a level 5 spell: Bolt of Magma
 40533 | Vaults:1 | Entered Level 1 of the Vaults
 40613 | Vaults:2 | Reached XP level 20. HP: 99/103 MP: 41/46
 40634 | Vaults:2 | Found Vuptoec's Assorted Antiques.
 40640 | Vaults:2 | Bought a scroll of teleportation for 90 gold pieces
 40640 | Vaults:2 | Bought a potion of curing for 90 gold pieces
 40647 | Vaults:2 | Found Uprinik's Magic Scroll Boutique.
 40669 | Vaults:2 | Bought a scroll of amnesia for 59 gold pieces
 40669 | Vaults:2 | Bought a scroll of magic mapping for 59 gold pieces
 40669 | Vaults:2 | Bought a scroll of identify for 34 gold pieces
 40669 | Vaults:2 | Bought a scroll of summoning for 161 gold pieces
 40669 | Vaults:2 | Bought a scroll of magic mapping for 59 gold pieces
 40669 | Vaults:2 | Bought 2 scrolls of teleportation for 102 gold pieces
 40669 | Vaults:2 | Bought a scroll of identify for 34 gold pieces
 40669 | Vaults:2 | Bought a scroll of enchant armour for 127 gold pieces
 41098 | Vaults:2 | Found Posi's General Store.
 41184 | Vaults:2 | Bought a potion of magic for 152 gold pieces
 41184 | Vaults:2 | Bought a scroll of fog for 38 gold pieces
 41184 | Vaults:2 | Bought a potion of curing for 57 gold pieces
 41240 | Vaults:2 | Found a staircase to the Crypt.
 41370 | Vaults:2 | Found Qudd's Magic Scroll Shoppe.
 41375 | Vaults:2 | Bought 3 scrolls of blinking for 450 gold pieces
 41375 | Vaults:2 | Bought a scroll of identify for 40 gold pieces
 41375 | Vaults:2 | Bought a scroll of identify for 40 gold pieces
 41375 | Vaults:2 | Bought a scroll of teleportation for 60 gold pieces
 41375 | Vaults:2 | Bought a scroll of identify for 40 gold pieces
 41529 | Vaults:1 | Reached skill level 5 in Fighting
 42287 | Vaults:3 | Reached skill level 5 in Stealth
 42620 | Vaults:4 | Noticed Mennas
 42892 | Vaults:4 | Killed Mennas
 42893 | Vaults:4 | Reached XP level 21. HP: 61/112 MP: 44/47
 42987 | Vaults:4 | Lost mutation: Scrolls take you a little longer to read.
                  | [potion of mutation]
 42987 | Vaults:4 | Gained mutation: You are clumsy. (Dex -2) [potion of
                  | mutation]
 42987 | Vaults:4 | Gained mutation: You are strong-willed. (Will+) [potion of
                  | mutation]
 43095 | Vaults:4 | Noticed Margery
 43114 | Vaults:4 | Killed Margery
 43581 | Vaults:3 | Reached skill level 15 in Air Magic
 43688 | Vaults:5 | Entered Level 5 of the Vaults
 43745 | Vaults:4 | Learned a level 9 spell: Tornado
 44064 | Vaults:5 | Reached XP level 22. HP: 109/115 MP: 47/48
 44069 | Vaults:5 | Noticed a golden dragon
 44077 | Vaults:5 | Killed a golden dragon
 44100 | Vaults:5 | Noticed a golden dragon
 44111 | Vaults:5 | Killed a golden dragon
 44619 | Vaults:5 | Noticed a golden dragon
 45412 | Vaults:4 | Killed a golden dragon
 45491 | Vaults:5 | Found the +9 staff of Olgreb {rPois∞}
 45698 | Vaults:5 | Noticed a golden dragon
 45705 | Vaults:5 | Killed a golden dragon
 45828 | Vaults:5 | Noticed a golden dragon
 45829 | Vaults:5 | Noticed an ancient lich
 45838 | Vaults:5 | Killed an ancient lich
 45844 | Vaults:5 | Killed a golden dragon
 45987 | Vaults:5 | Identified the +2 robe "Zonon" {-Cast rF+ Regen+ rCorr}
 46030 | Vaults:5 | Identified the +2 robe of Plog {Str+5} (You found it on
                  | level 5 of the Vaults)
 46228 | Vaults:5 | Noticed a golden dragon
 46238 | Vaults:5 | Killed a golden dragon
 46239 | Vaults:5 | Reached skill level 21 in Spellcasting
 46267 | Vaults:5 | Reached XP level 23. HP: 105/121 MP: 34/50
 46465 | Vaults:5 | Got a silver rune of Zot
 46494 | Vaults:5 | Identified the +4 long sword of Buoxeteock {freeze, Str+7}
                  | (You found it on level 5 of the Vaults)
 46516 | Vaults:5 | Noticed Xtahua
 46521 | Vaults:5 | Killed Xtahua
 46783 | Depths:1 | Entered Level 1 of the Depths
 47301 | Depths:1 | Acquired a +0 hat of see invisible
 47340 | Depths:1 | Found a gateway to Hell.
 47386 | Depths:1 | Found Jaxtits's Jewellery Shoppe.
 47387 | Depths:1 | Found Taisk's Gadget Shop.
 47388 | Depths:1 | Found Jum Juck's Jewellery Shoppe.
 47400 | Depths:1 | Bought a wand of acid (7) for 352 gold pieces
 47533 | Depths:2 | Found a hide-covered altar of Uskayaw.
 47533 | Depths:2 | Noticed a caustic shrike
 47533 | Depths:2 | Noticed a caustic shrike
 47752 | Depths:2 | Found a magical portal.
 47761 | WizLab   | Entered Lehudib's Moon Base
 48489 | WizLab   | Found a transporter.
 48509 | WizLab   | Reached skill level 22 in Spellcasting
 48724 | WizLab   | Reached skill level 5 in Shields
 49228 | WizLab   | Found a transporter.
 49377 | WizLab   | Reached XP level 24. HP: 119/128 MP: 49/51
 49790 | Depths:3 | Found Jorak's Gadget Shop.
 49792 | Depths:3 | Found Deeden's Assorted Antiques.
 49794 | Depths:3 | Found Maas's Jewellery Shop.
 49800 | Depths:3 | Bought a scroll of enchant armour for 285 gold pieces
 49800 | Depths:3 | Bought a scroll of teleportation for 114 gold pieces
 49804 | Depths:3 | Bought the ring "Ovvostap" {Ice +Fly rElec Str+3 Stlth-}
                  | for 828 gold pieces
 49865 | Depths:3 | Learned a level 9 spell: Shatter
 49882 | Depths:3 | Reached skill level 1 in Earth Magic
 49901 | Depths:3 | Found a one-way gate leading to the halls of Pandemonium.
 49951 | Depths:3 | Found the amulet of the Air {Inacc +Fly rElec EV+5 RMsl}
 50166 | Depths:3 | You fall into a shaft and drop 2 floors!
 50166 | Depths:5 | Entered Level 5 of the Depths
 50469 | Depths:5 | Reached skill level 15 in Evocations
 50476 | Depths:5 | Reached skill level 5 in Earth Magic
 50892 | Depths:5 | Found a gate to the Realm of Zot.
 51002 | Depths:5 | Found a gateway to a ziggurat.
 51102 | Depths:4 | Found a one-way gate to the infinite horrors of the Abyss.
 51596 | Depths:4 | Reached skill level 23 in Spellcasting
 51701 | Depths:4 | Reached skill level 10 in Earth Magic
 51715 | Depths:4 | Noticed the Enchantress
 51717 | Depths:4 | Killed the Enchantress
 52066 | Vaults:4 | Reached XP level 25. HP: 134/134 MP: 52/52
 52356 | Depths:5 | Found a stormy altar of Qazlal.
 52414 | Zig:1    | Entered Level 1 of a ziggurat
 52429 | Zig:2    | Entered Level 2 of a ziggurat
 52443 | Zig:3    | Entered Level 3 of a ziggurat
 52466 | Zig:4    | Entered Level 4 of a ziggurat
 52467 | Zig:4    | Noticed Coavea the pandemonium lord
 52476 | Zig:4    | Killed Coavea the pandemonium lord
 52482 | Zig:4    | Identified the Collected Works on the Birds
 52560 | Zig:5    | Entered Level 5 of a ziggurat
 52569 | Zig:5    | Found the brooch of Shielding {Spirit SH+8}
 52582 | Zig:6    | Entered Level 6 of a ziggurat
 52586 | Zig:6    | Noticed a shard shrike
 52590 | Zig:6    | Killed a shard shrike
 52798 | Zig:7    | Entered Level 7 of a ziggurat
 52822 | Zig:7    | Identified the +5 leather armour of Kosaxeg {rPois Will+}
                  | (You found it on level 7 of a ziggurat)
 52824 | Zig:7    | Got a brightly glowing pewter ring
 52825 | Zig:7    | Identified the cursed ring of Oxeriz {rF++ Slay-4} (You
                  | found it on level 7 of a ziggurat)
 52835 | Zig:8    | Entered Level 8 of a ziggurat
 52843 | Zig:8    | Found the +2 Maxwell's thermic engine {flame, freeze}
 52862 | Zig:8    | Identified the amulet of Bihomole {RegenMP +Fly rElec rC-}
                  | (You found it on level 8 of a ziggurat)
 52870 | Zig:9    | Entered Level 9 of a ziggurat
 52906 | Zig:9    | Acquired the amulet "Toghairph" {Regen+ Str+8 Dex-2}
 52917 | Zig:9    | Got a steaming kite shield
 53123 | Zig:10   | Entered Level 10 of a ziggurat
 53142 | Zig:10   | Reached skill level 15 in Earth Magic
 53353 | Zig:11   | Entered Level 11 of a ziggurat
 53389 | Zig:11   | Identified the +4 kite shield of Parlour Games {rF+} (You
                  | found it on level 9 of a ziggurat)
 53392 | Zig:11   | Got a scintillating ruby amulet
 53414 | Zig:11   | Identified the amulet of Winter {Inacc rF+} (You found it
                  | on level 11 of a ziggurat)
 53454 | Zig:12   | Entered Level 12 of a ziggurat
 53462 | Zig:12   | Noticed a Killer Klown
 53462 | Zig:12   | Noticed a Killer Klown
 53462 | Zig:12   | Noticed a Killer Klown
 53462 | Zig:12   | Noticed a Killer Klown
 53463 | Zig:12   | Noticed Pukifisuenk the pandemonium lord
 53466 | Zig:12   | Killed a Killer Klown
 53466 | Zig:12   | Noticed a Killer Klown
 53467 | Zig:12   | Killed a Killer Klown
 53467 | Zig:12   | Killed a Killer Klown
 53469 | Zig:12   | Killed a Killer Klown
 53471 | Zig:12   | Killed Pukifisuenk the pandemonium lord
 53471 | Zig:12   | Killed a Killer Klown
 53472 | Zig:12   | Reached skill level 24 in Spellcasting
 53480 | Zig:12   | Found the cursed necklace of Bloodlust {*Rage +Rage Will++
                  | Int-3 Slay+6 *Curse}
 53485 | Zig:12   | Reached XP level 26. HP: 96/140 MP: 52/53
 53519 | Zig:12   | Learned a level 9 spell: Fire Storm
 53631 | Zig:13   | Entered Level 13 of a ziggurat
 53677 | Zig:13   | Identified the Handbook of the Asp
 53690 | Zig:13   | Acquired the +0 buckler of the Lair of Beasts {rElec Regen+
                  | rCorr Int+4}
 53710 | Zig:13   | Reached XP level 27. HP: 144/144 MP: 53/53
 53727 | Zig:14   | Entered Level 14 of a ziggurat
 53778 | Zig:15   | Entered Level 15 of a ziggurat
 53823 | Zig:15   | Identified the +2 leather armour of Qidant {Stlth+} (You
                  | found it on level 15 of a ziggurat)
 53840 | Zig:16   | Entered Level 16 of a ziggurat
 53879 | Zig:16   | Identified Xaecom's Guide on Shape Shifting and Curses
 53896 | Zig:16   | Identified the ring "Tepleeck" {+Fly rF+} (You found it on
                  | level 16 of a ziggurat)
 53899 | Zig:17   | Entered Level 17 of a ziggurat
 53913 | Zig:17   | Noticed an ancient lich
 53919 | Zig:17   | Killed an ancient lich
 53920 | Zig:17   | Noticed an ancient lich
 53923 | Zig:17   | Killed an ancient lich
 53941 | Zig:17   | Found the +2 hood of the Assassin {Detection Stab+ Stlth++}
 53952 | Zig:17   | Identified the Almanac of the Nocuous Compass
 53954 | Zig:17   | Identified the Volume of Doomed Conjuration
 54030 | Zig:18   | Entered Level 18 of a ziggurat
 54070 | Zig:18   | Reached skill level 10 in Fighting
 54097 | Zig:18   | Identified the ring "Beulonar" {Ice rPois rN++ Int-4
                  | Stlth+} (You found it on level 18 of a ziggurat)
 54100 | Zig:18   | Identified the amulet "Gusm" {Reflect rElec rF+ Will+ Str-2
                  | SH+5} (You found it on level 18 of a ziggurat)
 54103 | Zig:18   | Identified the Grimoire of Warped Hexes
 54118 | Zig:18   | Identified the cursed ring "Ymiemeq" {rN+++ Str-3 Int+3
                  | Dex-4} (You found it on level 18 of a ziggurat)
 54128 | Zig:19   | Entered Level 19 of a ziggurat
 54147 | Zig:19   | Reached skill level 25 in Spellcasting
 54179 | Zig:19   | Got a dull robe
 54193 | Zig:19   | Identified the +0 robe "Panwikie" {rF- rC+ Dex+3} (You
                  | found it on level 19 of a ziggurat)
 54198 | Zig:19   | Got a smoking turquoise ring
 54199 | Zig:19   | Identified the Almanac of Poisonous Earth
 54208 | Zig:19   | Identified the Disquisition on Enchanting Fire
 54217 | Zig:19   | Got a scorched ivory amulet
 54219 | Zig:19   | Got a transparent lapis lazuli ring
 54228 | Zig:19   | Identified the cursed ring of Ekit {rC+ AC-4 Str+5} (You
                  | found it on level 19 of a ziggurat)
 54236 | Zig:19   | Identified the ring "Felino" {*Slow rC+ Will+ Str+6 SInv}
                  | (You found it on level 19 of a ziggurat)
 54260 | Zig:20   | Entered Level 20 of a ziggurat
 54315 | Zig:20   | Identified the Tome of Feathers and Dislocation
 54332 | Zig:21   | Entered Level 21 of a ziggurat
 54459 | Zig:21   | Learned a level 9 spell: Absolute Zero
 54460 | Zig:21   | Got a coiled silver ring
 54466 | Zig:21   | Identified the ring of Jolas {+Inv +Fly rC+ Int-5 SInv}
                  | (You found it on level 21 of a ziggurat)
 54509 | Zig:22   | Entered Level 22 of a ziggurat
 54526 | Zig:22   | Reached skill level 1 in Ice Magic
 54552 | Zig:22   | Found the +7 great mace "Firestarter" {inner flame, rF++}
 54562 | Zig:22   | Learned a level 2 spell: Sublimation of Blood
 54574 | Zig:22   | Identified the amulet "Tipnas" {Acrobat Int+3} (You found
                  | it on level 19 of a ziggurat)
 54595 | Zig:22   | Identified the Tome of Lethal Toxins
 54602 | Zig:23   | Entered Level 23 of a ziggurat
 54630 | Zig:23   | Reached skill level 10 in Stealth
 54630 | Zig:23   | Reached skill level 26 in Spellcasting
 54630 | Zig:23   | Reached skill level 1 in Necromancy
 54637 | Zig:23   | Reached skill level 5 in Ice Magic
 54669 | Zig:23   | Got a polished cloak
 54696 | Zig:23   | Got a steaming lead ring
 54698 | Zig:23   | Identified the ring of Cyeclum {Ice Str+3} (You found it on
                  | level 23 of a ziggurat)
 54714 | Zig:23   | Learned a level 9 spell: Death's Door
 54716 | Zig:24   | Entered Level 24 of a ziggurat
 54788 | Zig:24   | Noticed a royal mummy
 54790 | Zig:24   | Noticed a royal mummy
 54803 | Zig:24   | Killed a royal mummy
 54805 | Zig:24   | Killed a royal mummy
 54808 | Zig:24   | Noticed a royal mummy
 54816 | Zig:24   | Killed a royal mummy
 54817 | Zig:24   | Noticed a royal mummy
 54822 | Zig:24   | Noticed a royal mummy
 54823 | Zig:24   | Noticed a royal mummy
 54825 | Zig:24   | Killed a royal mummy
 54826 | Zig:24   | Reached skill level 10 in Necromancy
 54826 | Zig:24   | Noticed a royal mummy
 54826 | Zig:24   | Noticed a royal mummy
 54827 | Zig:24   | Killed a royal mummy
 54828 | Zig:24   | Killed a royal mummy
 54829 | Zig:24   | Killed a royal mummy
 54829 | Zig:24   | Killed a royal mummy
 54830 | Zig:24   | Reached skill level 27 in Spellcasting
 54833 | Zig:24   | Noticed a royal mummy
 54834 | Zig:24   | Noticed a royal mummy
 54837 | Zig:24   | Noticed a royal mummy
 54837 | Zig:24   | Killed a royal mummy
 54838 | Zig:24   | Killed a royal mummy
 54840 | Zig:24   | Killed a royal mummy
 54843 | Zig:24   | Killed a royal mummy
 54848 | Zig:24   | Noticed a royal mummy
 54854 | Zig:24   | Killed from afar by bennu

Illustrated notes

Levels and vault maps discovered:
D:1:      zaba_arrival_water, layout_loops_ring
D:2:      layout_loops_ring, nicolae_qazlal_eye_of_the_storm
D:3:      wad_pebble_path, layout_rooms, serial_curves, eino_curves_02,
          eino_curves_04, eino_curves_02, uniq_terence
D:4:      layout_rooms, eat_drink_and_be_merry_uskayaw, uniq_robin,
          uniq_menkaure
D:5:      layout_basic, minmay_temple_entry_stoned_glass, basic_altar,
          minmay_misc_feat_rows
D:6:      layout_cave_pools, overflow_temple_1_default,
          gammafunk_temple_overflow_wave, minmay_microvault, uniq_grinder,
          uniq_sigmund
D:7:      layout_loops_ring, okawaru_humans, nicolae_ossuary_entry_catacombs,
          david_defended_altar_elf
D:8:      layout_cave_pods, chequers_temple_overflow_statue_of_worship,
          lair_entry_dummy, serial_shops, kennysheep_mini
D:9:      layout_cave_pools, trog_ov_bears_minmay, david_orc_3,
          trog_hazing_becter, uniq_maurice
D:10:     layout_basic, lemuel_hellish_altar
D:11:     lemuel_castle_with_subvaults [lemuel_castle_interior_carwin_3],
          layout_stronghold, nrook_loot_triangle, columned_hall_lemuel,
          serial_bayou_ford_a, uniq_psyche
D:12:     layout_basic
D:13:     hangedman_cross_stitches, layout_grid_maze
D:14:     layout_small_grid, grunt_vaults_entry_fortified, zin_angel,
          special_room [special_room_orc], minmay_puff, uniq_snorg, uniq_rupert
D:15:     gammafunk_depths_entry_grave, layout_basic, cheibriados_altar_1
Temple:   eino_temple_water
Lair:1:   layout_cave_pods, nzn_sisyphean_effort, lemuel_fruit_fields,
          serial_bayou_shore_a
Lair:2:   layout_layer_cave, swamp_mist
Lair:3:   layout_roguey, minmay_snake_entry_guardpost_large, basic_altar,
          serial_bayou_shore_b, grunt_megastairs_1
Lair:4:   layout_gridlike, lookout_lair_type
Lair:5:   nzn_winding_woodlands_cross [nzn_winding_woodlands_5x15_crooked,
          nzn_winding_woodlands_5x15_sawtooth,
          nzn_winding_woodlands_5x15_default, nzn_winding_woodlands_5x15_garden,
          nzn_winding_woodlands_15x15_boxy_spiral], layout_cave_pods,
          slime_dummy
Lair:6:   due_jungle_book, layout_cellular_growth, gauntlet_entry_generic
Swamp:1:  layout_basic_swamp, evilmike_swamp_ruin_rubble_1,
          infiniplex_staircase_pool_2, uniq_josephine
Swamp:2:  layout_basic_swamp, hangedman_swamp_ruin_wall, swamp_pool1,
          uniq_louise
Swamp:3:  layout_basic_swamp, gammafunk_ghost_grave, serial_swamp_ruin,
          evilmike_swamp_ruin_house_6, evilmike_swamp_ruin_rubble_2,
          evilmike_swamp_ruin_house_2
Swamp:4:  swamp_alternative, layout_basic_swamp, swamp_pool3, uniq_bai_suzhen
Snake:1:  layout_gridlike, ebering_ghost_reflecting_pool
Snake:2:  layout_rooms, serial_curves, eino_curves_01, eino_curves_01,
          st_stairs_1, grunt_ministairs_2
Snake:3:  kennysheep_six_static_rooms, layout_gridlike, uniq_vashnia
Snake:4:  snake_pit, layout_cave_town, uniq_nikola, uniq_aizul, uniq_asterion,
          uniq_roxanne
Orc:1:    layout_diamond_mine, basic_altar
Orc:2:    pubby_orc_utopia, uniq_erolcha, uniq_urug, uniq_saint_roka,
          uniq_donald, uniq_nessos, uniq_sonja
Elf:1:    elf_arrival_002, layout_gridlike, enter_trove_2, minmay_elf_demonology
Elf:2:    layout_geoelf_octagon, lemuel_elevator
Elf:3:    elf_hall, layout_rooms
Vaults:1: grunt_vaults_diagonal, v_alt_pattern_2,
          hangedman_vaults_stretched_pinwheel, vaults_room_pools,
          vaults_standard_mumra_enter_the_diamond, sword_in_stone,
          hangedman_vaults_nails, v_misc_32, v_misc_24, grunt_vaults_focal,
          hangedman_vaults_stitches, v_misc_9, layout_vaults_omnibox
Vaults:2: vaults_dpeg_encased_lava, nicolae_vaults_big_angled_halls,
          minmay_crypt_entry_vampire_xt, hangedman_vaults_cutoff,
          vaults_room_stairs_pillars, v_misc_8, ontoclasm_vaults_spin,
          v_rooms_2, vaults_room_fancy_cross, st_greater_box_3,
          nicolae_vaults_windows_and_doors_thing, ontoclasm_vaults_twist,
          nicolae_vaults_diagonal_hallway_9, v_rooms_3, hangedman_vaults_cutoff,
          v_misc_14, layout_vaults_maze_bifur, basic_altar, serial_shops,
          shop_coins, shop, shop, shop
Vaults:3: nicolae_vaults_alarming, vaults_dpeg_cross, ontoclasm_vaults_tryst,
          nicolae_vaults_network_periphery, hangedman_vaults_restitches,
          vaults_room_fancy_cross, dpeg_vaults_monster_row, vaults_room_corners,
          vaults_mumra_hex, nicolae_vaults_shelves_hall,
          nicolae_vaults_little_squares_3, vaults_room_octagon, v_alt_pattern_4,
          vaults_dpeg_diagonal, ontoclasm_vaults_shuriken,
          layout_vaults_omnicross
Vaults:4: v_misc_1, ontoclasm_vaults_bender, v_misc_14,
          nicolae_vaults_little_squares_1, hangedman_vaults_locks, v_misc_12,
          v_misc_28, hangedman_vaults_nails, v_misc_18, vaults_room_hallway,
          v_misc_19, vaults_dpeg_ring, layout_vaults_ring, serial_glass,
          uniq_mennas, uniq_margery
Vaults:5: uniq_xtahua
Depths:1: layout_cave_pools, hell_entry, minmay_misc_feat_four_crosses,
          serial_bayou_lagoon_b, firewood_loft, minmay_shop_grove,
          grunt_megastairs_4
Depths:2: regret_index_uskayaw_diablada_macabre, layout_gridlike,
          hangedman_decor_opposing, grunt_hell_horde, serial_shops,
          bzr_entry_gold, mu_enter_wizlab_3, grunt_pan_entry_sceptre
Depths:3: kennysheep_treasure_stockpile, layout_cave_shapes,
          nicolae_water_bricks, rand_demon_pan_entry_7, hell_entry,
          infiniplex_staircase_zigzag_5, minmay_shop_star
Depths:4: minmay_nested_s, layout_cave_pools, hell_entry, abyss_entry,
          hangedman_glass_teeth, uniq_enchantress
Depths:5: grunt_twist_and_shout, layout_gridville, enter_ziggurat_e,
          basic_altar, hangedman_geh_valley, eino_small_chamber_without_monster
Zig:24:   ziggurat_pillar_centre_c, ziggurat_pillar_centre_c,
          ziggurat_pillar_centre_c, ziggurat_pillar_centre_c

Skill      XL: |  1  2  3  4  5  6  7  8  9 10 11 12 13 14 15 16 17 18 19 20 21 22 23 24 25 26 27 |
---------------+----------------------------------------------------------------------------------+-----
Fire Magic     | 4 5 6 8 9 11 12 13 14 16 17 18 19 20 21 22 25 | 25.0
Conjurations   | 2 3 4 5 6 7 9 10 11 12 13 14 15 16 18 19 21 | 21.0
Spellcasting   | 4 5 6 8 9 10 11 12 14 15 16 17 18 19 20 21 22 23 24 27 | 27.0
Stealth        | 3 6 10 | 10.0
Dodging        | 3 6 8 10 12 13 | 13.0
Fighting       | 2 3 4 6 7 13 | 13.0
Evocations     | 4 6 7 8 9 11 12 14 15 | 15.0
Shields        | 4 5 6 |  6.0
Armour         | 2 3 4 |  4.0
Air Magic      | 1 7 8 10 13 16 19 20 | 20.5
Earth Magic    | 11 16 18 20 | 20.0
Ice Magic      | 5 |  5.5
Necromancy     | 14 | 14.0

Action                   |  1- 3 |  4- 6 |  7- 9 | 10-12 | 13-15 | 16-18 | 19-21 | 22-24 | 25-27 || total
-------------------------+-------+-------+-------+-------+-------+-------+-------+-------+-------++-------
Melee: Dagger            |     9 |       |       |       |       |       |       |       |       ||     9
       Short sword       |       |       |     2 |       |       |       |       |       |       ||     2
       Staff             |       |       |       |     7 |    10 |     3 |       |       |       ||    20
       Unarmed           |       |       |       |     7 |       |       |       |       |       ||     7
       Scimitar          |       |       |       |       |       |       |       |     4 |       ||     4
 Cast: Foxfire           |   114 |   129 |   488 |   702 |   160 |    42 |       |     6 |       ||  1641
       Sticky Flame      |       |       |     5 |    31 |    31 |     5 |     1 |     3 |       ||    76
       Conjure Flame     |       |       |     1 |     5 |     3 |     2 |       |       |       ||    11
       Fireball          |       |       |       |   131 |   410 |   364 |   432 |   377 |     7 ||  1721
       Mephitic Cloud    |       |       |       |     3 |    12 |       |       |       |       ||    15
       Lightning Bolt    |       |       |       |       |    12 |     3 |       |       |       ||    15
       Blink             |       |       |       |       |     3 |       |     3 |     5 |     2 ||    13
       Ignition          |       |       |       |       |    17 |    30 |    58 |    76 |    39 ||   220
       Conjure Ball Ligh |       |       |       |       |     1 |     3 |       |       |       ||     4
       Airstrike         |       |       |       |       |       |    53 |     7 |       |     2 ||    62
       Orb of Destructio |       |       |       |       |       |     5 |    52 |    84 |     5 ||   146
       Starburst         |       |       |       |       |       |     4 |     4 |       |       ||     8
       Bolt of Magma     |       |       |       |       |       |       |     8 |    52 |     1 ||    61
       Tornado           |       |       |       |       |       |       |       |    13 |    16 ||    29
       Magic Dart        |       |       |       |       |       |       |       |     2 |       ||     2
       Shatter           |       |       |       |       |       |       |       |       |    58 ||    58
       Fire Storm        |       |       |       |       |       |       |       |       |   142 ||   142
 Abil: Evoke Invisibilit |       |       |       |       |     1 |       |     2 |     1 |       ||     4
Evoke: Wand              |       |       |       |     1 |     3 |       |       |     2 |     5 ||    11
  Use: Scroll            |       |       |    10 |     7 |    19 |    25 |    14 |    20 |    27 ||   122
       Potion            |       |       |       |       |     1 |       |     6 |    10 |    17 ||    34
 Stab: Invisible         |       |       |       |       |       |       |       |     1 |       ||     1
Armor: Robe              |     1 |     2 |     5 |    15 |    21 |    11 |    21 |    19 |     3 ||    98
       Skin              |       |       |       |     2 |       |       |       |       |    49 ||    51
Dodge: Dodged            |    13 |    11 |    27 |    80 |   109 |    40 |    67 |   100 |    42 ||   489
Block: Buckler           |       |       |       |    14 |    35 |    21 |    35 |    32 |    11 ||   148
       Reflection        |       |       |       |       |       |       |       |     2 |       ||     2
       Rpst.: Scimitar   |       |       |       |       |       |     4 |     4 |     6 |     3 ||    17
